[Event "*** Titled Tuesday Blitz"]
[Site "Chess.com"]
[Date "2021.02.09"]
[Round "4"]
[White "poppy73"]
[Black "GameOverBro"]
[Result "0-1"]
[WhiteElo "2222"]
[BlackElo "2426"]
[TimeControl "180+1"]
[EndTime "10:38:27 PST"]
[Termination "GameOverBro won on time"]

1. e4 Nf6 2. e5 Nd5 3. d4 Nb6 4. Nf3 d5 5. exd6 exd6 6. Bd3 Be7 7. O-O Bg4 8. Nbd2 O-O 9. h3 Bh5 10. c4 Nc6 11. Qc2 Bg6 12. Bxg6 hxg6 13. d5 Nb4 14.
Qb3 a5 15. a3 Na6 16. Ne4 Re8 17.
Nfg5 Rb8 18. Qg3 Nd7 19. Qh4 Nf8 20. Qf4 Bf6 21. Bd2 Re5 22. h4 Rf5 23. Nxf6+ Qxf6 24. Qg3 Qxb2 25. Bc3 Qe2 26. Bxa5 Qxc4 27. Rfc1 Qd4 28. Rab1 b6 29. Bc3 Qxd5 30. Rd1 Qa2 31. Ra1 Qc4 32.
Rac1 Qb3 33. Ne4 Nc5 34. Nxc5 bxc5 35. Qd3 Qxa3 0-1

[Event "*** Titled Tuesday Blitz"]
[Site "Chess.com"]
[Date "2021.02.09"]
[Round "4"]
[White "ridnani2021"]
[Black "politeplayer"]
[Result "1-0"]
[WhiteElo "2358"]
[BlackElo "2183"]
[TimeControl "180+1"]
[EndTime "10:38:28 PST"]
[Termination "ridnani2021 won by resignation"]

1. e4 e6 2. d4 d5 3. Nd2 dxe4 4. Nxe4 Nd7 5. Nf3 Ngf6 6. Nxf6+ Nxf6 7. c3 Bd6 8. g3 b6 9. Bg2 Rb8 10. O-O Bb7 11. Qa4+ Qd7 12. Qxa7 O-O 13. b4 Nd5 14. Qa3 Ra8 15. Qb3 b5 16. Nd2 Ra7 17. a3 Nb6 18. Bxb7 Rxb7 19. c4 bxc4 20. Nxc4 Be7 21. Nxb6 cxb6 22.
Be3 Rc8 23. Rfd1 h5 24. Ra2 h4 25. d5 exd5 26. Qxd5 Qxd5 27. Rxd5 hxg3 28. hxg3 f6 29.
Rad2 Kf7 30. Rb5 Rc3 31. a4 Rcc7 32. Ra2 Rc6 33. a5 Ra7 34. Rxb6 Rxb6 35. Bxb6 Rb7 36. a6 Rb8 37. a7 Ra8 38. b5 Ke6 39. Be3 Bd6 40.
b6 1-0

[Event "*** Titled Tuesday Blitz"]
[Site "Chess.com"]
[Date "2021.02.09"]
[Round "4"]
[White "GOGIEFF"]
[Black "nrvisakh"]
[Result "1/2-1/2"]
[WhiteElo "2899"]
[BlackElo "2756"]
[TimeControl "180+1"]
[EndTime "10:38:29 PST"]
[Termination "Game drawn by agreement"]

1. d4 Nf6 2. c4 e6 3. Nc3 d5 4. cxd5 Nxd5 5. e4 Nxc3 6. bxc3 c5 7. a3 cxd4 8. cxd4 Be7 9. Nf3 O-O 10. Bd3 b6 11. Qe2 Bb7 12. O-O Qc8 13. Bb2 Ba6 14. d5 Bxd3 15. Qxd3 exd5 16. Rac1 Qd8 17.
exd5 Nd7 18. Rfe1 Bf6 19. Bxf6 Nxf6 20. d6 Re8 21. Rxe8+ Qxe8 22. Rc7 Rd8 23. h3 h6 24.
Rc4 Qe6 25. Rd4 Ne8 26. Re4 Qf6 27. d7 Nd6 28. Re1 Rxd7 29. Re8+ Nxe8 30. Qxd7 1/2-1/2

[Event "*** Titled Tuesday Blitz"]
[Site "Chess.com"]
[Date "2021.02.09"]
[Round "4"]
[White "zimmm36"]
[Black "TokChess"]
[Result "1-0"]
[WhiteElo "2221"]
[BlackElo "2391"]
[TimeControl "180+1"]
[EndTime "10:38:29 PST"]
[Termination "zimmm36 won by resignation"]

1. d4 e6 2. c4 Nf6 3. Nc3 Bb4 4. e3 O-O 5. Ne2 c5 6. a3 Bxc3+ 7. Nxc3 d6 8. g3 Nc6 9. Bg2 Qb6 10. d5 exd5 11. Nxd5 Nxd5 12. cxd5 Ne5 13. O-O Re8 14. b4 cxb4 15.
Rb1 a5 16. axb4 axb4 17. Bd2 Ra2 18. Bxb4 Bf5 19. e4 Bg4 20. Qb3 Rea8 21. Bc3 Qc5 22. Bxe5 dxe5 23. Rbc1 Qd4 24. h3 Bd7 25. Rc7 Be8 26.
Rxb7 h5 27. Rb8 R2a3 28. Rxe8+ Rxe8 29. Qxa3 1-0

[Event "*** Titled Tuesday Blitz"]
[Site "Chess.com"]
[Date "2021.02.09"]
[Round "4"]
[White "PushingpawnsNYC"]
[Black "Heineccius"]
[Result "0-1"]
[WhiteElo "2323"]
[BlackElo "2563"]
[TimeControl "180+1"]
[EndTime "10:38:31 PST"]
[Termination "Heineccius won on time"]

1. e4 c5 2. Nc3 e6 3. g3 d5 4. Bg2 dxe4 5. Nxe4 Nc6 6. Nf3 Be7 7. O-O Nf6 8. d3 O-O 9. Be3 Qb6 10. Rb1 Nd5 11. Bd2 Rd8 12. a3 Qc7 13. Re1 Bd7 14. h4 h6 15. Qc1 Kh7 16. Nfg5+ hxg5 17. Bxg5 f6 18. Qd1 fxg5 19. Qh5+ Kg8 20. hxg5 Qe5 21. f4 Qf5 22.
Bh3 Qh7 23. Qg4 e5 24. f5 Nd4 25. g6 Qh6 26. Rf1 Ne3 27. Qf3 Nxf3+ 0-1

[Event "*** Titled Tuesday Blitz"]
[Site "Chess.com"]
[Date "2021.02.09"]
[Round "4"]
[White "vugarrasulov"]
[Black "kuban1991"]
[Result "1/2-1/2"]
[WhiteElo "2755"]
[BlackElo "2896"]
[TimeControl "180+1"]
[EndTime "10:38:33 PST"]
[Termination "Game drawn by agreement"]

1. d4 g6 2. Nf3 Bg7 3. Bf4 Nf6 4.
e3 O-O 5. h3 d5 6. Nbd2 b6 7.
Ne5 Bb7 8. Bd3 Nbd7 9. O-O c5 10.
c3 e6 11. a4 a6 12. Qe2 Nxe5 13. Bxe5 Nd7 14. Bxg7 Kxg7 15. b4 e5 16. bxc5 bxc5 17. Rfb1 Qc7 18. dxe5 Nxe5 19. Nf3 Rfb8 20. a5 Nxf3+ 21.
Qxf3 d4 22. Rxb7 Rxb7 23. Be4 Rab8 24. Bxb7 Qxb7 25. Qxb7 Rxb7 26. cxd4 cxd4 27. exd4 Rb5 28. f3 Kf6 29. Kf2 Ke6 30. Re1+ Kd6 31. Re8 Rxa5 32.
Ke3 h5 33. g4 hxg4 34. hxg4 Ra1 35. Rd8+ Ke7 36. Ra8 a5 37. Ra7+ Ke6 38. Ra6+ Ke7 39. d5 a4 40. Kf4 a3 41. Ra7+ Kf6 42.
Ra6+ Ke7 43. Ra7+ Kf6 44. g5+ Kg7 45. Ke5 a2 46. Kd6 Kf8 47. f4 Kg7 48. Ra8 Kh7 49.
Kd7 Rd1 50. Rxa2 Rxd5+ 51. Ke7 1/2-1/2

[Event "*** Titled Tuesday Blitz"]
[Site "Chess.com"]
[Date "2021.02.09"]
[Round "4"]
[White "ENajer77"]
[Black "ShahMatKanal"]
[Result "1-0"]
[WhiteElo "2623"]
[BlackElo "2465"]
[TimeControl "180+1"]
[EndTime "10:38:33 PST"]
[Termination "ENajer77 won by checkmate"]

1. d4 d5 2. c4 e6 3. Nc3 Nf6 4. cxd5 exd5 5. Bg5 c6 6. e3 Be7 7. Bd3 Bg4 8. Qc2 Bh5 9. Nge2 Bg6 10. Ng3 Bxd3 11.
Qxd3 h6 12. Bf4 Bd6 13. Bxd6 Qxd6 14. Nf5 Qf8 15. e4 g6 16. e5 Ne4 17. Nxe4 Qb4+ 18. Qc3 Qxc3+ 19. bxc3 gxf5 20. Nd6+ Ke7 21. Nxf5+ Ke6 22. Nd6 b6 23. f4 f5 24. g4 fxg4 25. f5+ Ke7 26. Rg1 h5 27. h3 Rg8 28.
hxg4 hxg4 29. Rh1 Nd7 30. Rh7+ Kd8 31. e6 Nf6 32. e7+ Kd7 33. e8=Q+ Kxd6 34. Qe6# 1-0

[Event "*** Titled Tuesday Blitz"]
[Site "Chess.com"]
[Date "2021.02.09"]
[Round "4"]
[White "ybruned"]
[Black "vladgoncharov"]
[Result "0-1"]
[WhiteElo "2290"]
[BlackElo "2488"]
[TimeControl "180+1"]
[EndTime "10:38:33 PST"]
[Termination "vladgoncharov won on time"]

1. b3 a5 2. a4 d5 3. Bb2 Nc6 4. e3 e6 5. Nf3 Nf6 6. Bb5 Bd7 7.
O-O Bd6 8. Bxc6 Bxc6 9. Ne5 O-O 10. d3 Be8 11. f4 c5 12. Nd2 b5 13. axb5 Bxb5 14.
Ng4 Be7 15. Nxf6+ Bxf6 16. Bxf6 Qxf6 17. c4 Bd7 18. Qc2 Rfc8 19. Nf3 Be8 20. Ra2 Rcb8 21. Rfa1 dxc4 22. dxc4 Rb4 23. Ne5 Qd8 24. Nd3 Rbb8 25. Qc3 Qb6 26. Rxa5 Rxa5 27. Rxa5 Qxb3 28. Qxb3 Rxb3 29.
Ra8 Kf8 30. Nxc5 Rxe3 31. Nd7+ Ke7 32. Ne5 g5 33. Ra7+ Kf8 0-1

[Event "*** Titled Tuesday Blitz"]
[Site "Chess.com"]
[Date "2021.02.09"]
[Round "4"]
[White "Xeniya2005"]
[Black "CHENNAIBOND"]
[Result "1-0"]
[WhiteElo "2355"]
[BlackElo "1682"]
[TimeControl "180+1"]
[EndTime "10:38:34 PST"]
[Termination "Xeniya2005 won by resignation"]

1. e4 c5 2. Nf3 Nc6 3. Bb5 g6 4. c3 Nf6 5. e5 Nd5 6. O-O Bg7 7. Re1 O-O 8. d4 cxd4 9. cxd4 Nc7 10. Bc4 d5 11. Bb3 Bg4 12. Be3 Ne6 13. Nc3 Bxf3 14.
gxf3 Nc7 15. f4 e6 16. Qf3 Na5 17. Bc2 b5 18. Kh1 Nc4 19. b3 Na3 20. Bd3 b4 21.
Na4 Ncb5 22. Rac1 Rc8 23. Qe2 a6 24. Qd2 Qa5 25. h4 Nc3 26. Nc5 Nab5 27. h5 Nxa2 28. Ra1 Nbc3 29. hxg6 fxg6 30. Bb1 Rf5 31. Bxf5 gxf5 1-0

[Event "*** Titled Tuesday Blitz"]
[Site "Chess.com"]
[Date "2021.02.09"]
[Round "4"]
[White "Witik"]
[Black "sokidze"]
[Result "1-0"]
[WhiteElo "2718"]
[BlackElo "2508"]
[TimeControl "180+1"]
[EndTime "10:38:35 PST"]
[Termination "Witik won by resignation"]

1. d4 Nf6 2. Bf4 e6 3. e3 d5 4.
Nd2 Bd6 5. c3 O-O 6. Bd3 c5 7.
Bxd6 Qxd6 8. f4 b6 9. Ngf3 Ba6 10. Bxa6 Nxa6 11. Ne5 Nb8 12. O-O Nc6 13. Qf3 Nd7 14.
Rad1 Ncxe5 15. dxe5 Qc6 16. e4 f6 17. exd5 exd5 18.
Nc4 b5 19. Na5 Qe6 20. Qxd5 Qxd5 21. Rxd5 Nb6 22. Rxc5 fxe5 23. fxe5 Rfd8 24. Nc6 Rd2 25. Rxb5 h6 26. e6 Re8 27. e7 Rd6 28. Rbf5 Nd7 29. Nxa7 Ra6 30. Nb5 Rxe7 31. a3 Nf6 32. c4 Rc6 33. b3 Re3 34. R5f3 Re2 35. Nd4 1-0

[Event "*** Titled Tuesday Blitz"]
[Site "Chess.com"]
[Date "2021.02.09"]
[Round "4"]
[White "oneshot007"]
[Black "Rud_Makarian"]
[Result "1-0"]
[WhiteElo "2552"]
[BlackElo "2831"]
[TimeControl "180+1"]
[EndTime "10:38:36 PST"]
[Termination "oneshot007 won by resignation"]

1. e4 e5 2. Nf3 Nc6 3. d4 exd4 4. Nxd4 Nf6 5. Nxc6 bxc6 6. e5 Qe7 7. Qe2 Nd5 8. g3 g6 9. c4 Ba6 10. b3 Bg7 11. Bb2 O-O 12. Bg2 Rfe8 13. O-O Bxe5 14. Bxe5 Qxe5 15. Qxe5 Rxe5 16. cxd5 Bxf1 17. Bxf1 cxd5 18.
Nc3 c6 19. Rd1 Kf8 20. f4 Ree8 21. Kf2 Ke7 22. b4 Kd6 23. Ba6 Rab8 24. a3 Rb6 25.
Be2 a5 26. b5 Rb7 27. a4 Kc5 28. Bf3 Kb4 29. bxc6 dxc6 30. Rb1+ Kxc3 31. Rxb7 Rc8 32.
Rxf7 d4 33. Be4 c5 34. Rxh7 c4 35. Rd7 d3 36. Bxg6 Rb8 37. Ke3 Kc2 38. Rd4 Kd1 39.
Bxd3 cxd3 40. Rxd3+ Kc2 41. Rd5 Rb3+ 42. Kf2 Kc3 43. Rxa5 Rb2+ 44. Kf3 Rxh2 45. Re5 1-0

[Event "*** Titled Tuesday Blitz"]
[Site "Chess.com"]
[Date "2021.02.09"]
[Round "4"]
[White "VladimirBugayev"]
[Black "zacachess"]
[Result "1-0"]
[WhiteElo "2276"]
[BlackElo "2418"]
[TimeControl "180+1"]
[EndTime "10:38:36 PST"]
[Termination "VladimirBugayev won by resignation"]

1. e4 c5 2. Nc3 Nc6 3. Bb5 Nd4 4.
Nf3 g6 5. Nxd4 cxd4 6. Ne2 Bg7 7. O-O a6 8. Ba4 b5 9. Bb3 d6 10. d3 e6 11. a4 Rb8 12. axb5 axb5 13. Qe1 Ne7 14.
Bg5 h6 15. Bxe7 Qxe7 16. Qb4 e5 17. Ra5 Bd7 18. Ra6 Bc8 19. Ra5 Bd7 20. Ra7 O-O 21.
Rfa1 Rfc8 22. f4 Rc6 23. fxe5 Bxe5 24. Rf1 Bf6 25. Nxd4 Rc5 26. Nf3 Qe8 27. d4 Rcc8 28. e5 dxe5 29. Nxe5 Bxe5 30. Bxf7+ Qxf7 31. Rxf7 Kxf7 32. dxe5 Ke8 33. Qd6 1-0

[Event "*** Titled Tuesday Blitz"]
[Site "Chess.com"]
[Date "2021.02.09"]
[Round "4"]
[White "ChelsieMonica"]
[Black "chessmadara"]
[Result "1-0"]
[WhiteElo "2347"]
[BlackElo "2156"]
[TimeControl "180+1"]
[EndTime "10:38:36 PST"]
[Termination "ChelsieMonica won by resignation"]

1. e4 c5 2. Nc3 d6 3. Nf3 g6 4. d4 cxd4 5. Qxd4 Nf6 6. e5 Nc6 7.
Bb5 dxe5 8. Qxd8+ Kxd8 9. Bxc6 bxc6 10. Nxe5 Be6 11. Nxc6+ Kc7 12. Nd4 Bc4 13. Bf4+ Kb7 14. O-O-O Bg7 15. Rhe1 e6 16. Be5 Rhd8 17. b3 Ba6 18.
Ndb5 Kc6 19. Nxa7+ Kb6 20. a4 Kxa7 21. b4 Bc4 22. b5 Kb6 23. Kb2 Ka5 24. g4 Kb4 25. f3 Ne8 26. Bxg7 Nxg7 27. Re4 Kc5 28.
Ra1 Ne8 29. a5 Nd6 30. Re5+ Kd4 31. f4 f6 32. Rd1+ Bd3 33. Rxd3+ Kc4 34. Rxe6 1-0

[Event "*** Titled Tuesday Blitz"]
[Site "Chess.com"]
[Date "2021.02.09"]
[Round "4"]
[White "Chuchofrio1"]
[Black "mjray79"]
[Result "1-0"]
[WhiteElo "2308"]
[BlackElo "2497"]
[TimeControl "180+1"]
[EndTime "10:38:37 PST"]
[Termination "Chuchofrio1 won by checkmate"]

1. e4 e5 2. Nf3 Nc6 3. Bb5 a6 4. Ba4 Nf6 5. d3 b5 6. Bb3 Be7 7. O-O d6 8. a4 Rb8 9. Nc3 O-O 10. axb5 axb5 11. Ne2 Be6 12. c3 h6 13. Ng3 d5 14.
exd5 Nxd5 15. Re1 Bf6 16. Nh5 Be7 17. Nxe5 Nxe5 18. Rxe5 c6 19. Bxd5 Bxd5 20. Qg4 Bf6 21. Rxd5 cxd5 22. Bxh6 Be5 23. Bxg7 f5 24. Qg6 Bxh2+ 25.
Kf1 Rf7 26. Nf6+ Rxf6 27. Bxf6+ Kf8 28. Qg7+ Ke8 29. Qg8+ Kd7 30. Ra7+ Kd6 31. Bxd8 Kc5 32. Qf8+ Bd6 33. Rc7+ Kb6 34. Qxd6+ Ka5 35. Rc4+ Rb6 36. Qxb6# 1-0

[Event "*** Titled Tuesday Blitz"]
[Site "Chess.com"]
[Date "2021.02.09"]
[Round "4"]
[White "RaneshRatnesan"]
[Black "mapleaff"]
[Result "0-1"]
[WhiteElo "2193"]
[BlackElo "2407"]
[TimeControl "180+1"]
[EndTime "10:38:37 PST"]
[Termination "mapleaff won by resignation"]

1. d4 Nf6 2. Bf4 c6 3. e3 Qb6 4. Qc1 Nd5 5. Bg3 h5 6. h3 d6 7.
Nf3 Bf5 8. c3 g6 9. Nbd2 Bh6 10.
h4 O-O 11. Ng5 Nf6 12. Be2 Nbd7 13. b4 a5 14. a3 axb4 15. axb4 Rxa1 16. Qxa1 c5 17.
bxc5 dxc5 18. e4 Bxg5 19. hxg5 Nxe4 20. Nxe4 Bxe4 21. O-O cxd4 22. cxd4 Qc6 23. f3 Bd5 24. Rc1 Qe6 25. Bf1 Qe3+ 26. Bf2 Qxg5 27. Rc7 Nf6 28. Qe1 Bxf3 29. Rxe7 Bc6 30. Bh4 Qf4 31. Bg3 Qxd4+ 32. Bf2 Qd5 0-1

[Event "*** Titled Tuesday Blitz"]
[Site "Chess.com"]
[Date "2021.02.09"]
[Round "4"]
[White "Fandorine"]
[Black "chessdjw"]
[Result "0-1"]
[WhiteElo "2852"]
[BlackElo "2633"]
[TimeControl "180+1"]
[EndTime "10:38:38 PST"]
[Termination "chessdjw won by resignation"]

1. e4 c5 2. Nf3 d6 3. d4 cxd4 4. Nxd4 Nf6 5. Nc3 a6 6. a3 e5 7. Nf5 d5 8. Bg5 d4 9. Bxf6 gxf6 10. Nb1 Bxf5 11. exf5 Qd5 12. Qh5 Nd7 13. Nd2 Rc8 14. Kd1 b5 15. f3 Nc5 16. Bd3 Na4 17. Kc1 Nc5 18. Kd1 Be7 19. Ne4 Nxd3 20. cxd3 Qb3+ 21. Ke1 Qxd3 22. Rd1 Qe3+ 23. Kf1 Rc2 24. Re1 Qd3+ 25.
Kg1 Rg8 26. g3 Rxb2 27. h4 Qc2 0-1

[Event "*** Titled Tuesday Blitz"]
[Site "Chess.com"]
[Date "2021.02.09"]
[Round "4"]
[White "jaramsdal"]
[Black "j2806"]
[Result "1/2-1/2"]
[WhiteElo "2300"]
[BlackElo "2097"]
[TimeControl "180+1"]
[EndTime "10:38:38 PST"]
[Termination "Game drawn by repetition"]

1. e4 c5 2. Nf3 d6 3. d4 cxd4 4.
Nxd4 Nf6 5. Nc3 a6 6. Be3 e5 7.
Nb3 Be6 8. f3 Be7 9. Nd5 Bxd5 10. exd5 Nbd7 11. Be2 Rc8 12. c4 O-O 13. O-O Qc7 14. Rc1 Qb8 15. Na1 b5 16. b3 bxc4 17.
Bxc4 Nb6 18. Bxa6 Rxc1 19. Qxc1 Nbxd5 20. Bf2 Qa8 21. Bb5 Qxa2 22. Qc4 Qa5 23. Nc2 Qc7 24.
Ne3 Qxc4 25. bxc4 Nxe3 26. Bxe3 d5 27. Bg5 dxc4 28. Bxc4 h6 29. Bh4 Rc8 30. Ba2 Rc2 31.
Bb3 Rc3 32. Ba2 Rc2 33. Bb3 Rc3 34. Ba2 Rc2 1/2-1/2

[Event "*** Titled Tuesday Blitz"]
[Site "Chess.com"]
[Date "2021.02.09"]
[Round "4"]
[White "Taktikmonster"]
[Black "dennisodessa"]
[Result "0-1"]
[WhiteElo "2283"]
[BlackElo "2470"]
[TimeControl "180+1"]
[EndTime "10:38:39 PST"]
[Termination "dennisodessa won on time"]

1. e4 e6 2. d4 d5 3. Nd2 Nf6 4. e5 Nfd7 5. Bd3 c5 6. c3 Nc6 7.
Ne2 cxd4 8. cxd4 f6 9. exf6 Qxf6 10. O-O h6 11. Nf3 Bd6 12. Ng3 O-O 13. Be3 Rd8 14. a3 Nf8 15. Qc2 Bd7 16. b4 a6 17.
Rac1 Rac8 18. Qb1 Be8 19. Rfe1 Bg6 20. Bxg6 Nxg6 21. b5 axb5 22. Qxb5 Bxa3 23. Ra1 Bb4 24. Reb1 Bc3 25. Ra4 Ra8 26. Rxa8 Rxa8 27. Rc1 Nxd4 28. Qxb7 Nxf3+ 29. gxf3 Ra1 30. Rxa1 Bxa1 31. Nh5 Qxf3 32.
Ng3 Nh4 33. Qb8+ Kf7 34. Qb7+ Kf6 35. Nh5+ Qxh5 0-1

[Event "*** Titled Tuesday Blitz"]
[Site "Chess.com"]
[Date "2021.02.09"]
[Round "4"]
[White "FMKonstantin_Twitch"]
[Black "Arseniy_Nesterov"]
[Result "1/2-1/2"]
[WhiteElo "2624"]
[BlackElo "2815"]
[TimeControl "180+1"]
[EndTime "10:38:42 PST"]
[Termination "Game drawn by agreement"]

1. Nf3 d5 2. g3 Bg4 3. Bg2 e6 4. O-O Nf6 5. d4 Be7 6. c4 c6 7.
Nc3 O-O 8. Qb3 Qb6 9. c5 Qa6 10.
Re1 b6 11. cxb6 axb6 12. Ne5 Bf5 13. Bf4 Qb7 14. Rac1 Rc8 15. f3 h6 16. e4 Bh7 17.
Be3 Nbd7 18. Nxd7 Nxd7 19. f4 dxe4 20. Nxe4 Bxe4 21. Bxe4 Nf6 22. Bf3 Nd5 23. Bf2 Bf6 24. Rc2 b5 25. Rec1 Ra4 26. Rd1 Qa7 27. f5 Bxd4 28.
Rxd4 Rxd4 29. Rd2 e5 30. Bxd4 exd4 31. Bxd5 cxd5 32. Qxd5 d3+ 33. Kg2 Rc2 34. Qxd3 Rxd2+ 35. Qxd2 Qxa2 36. Qc3 f6 1/2-1/2

[Event "*** Titled Tuesday Blitz"]
[Site "Chess.com"]
[Date "2021.02.09"]
[Round "4"]
[White "Alex-11211"]
[Black "mamonika"]
[Result "1-0"]
[WhiteElo "2368"]
[BlackElo "2029"]
[TimeControl "180+1"]
[EndTime "10:38:42 PST"]
[Termination "Alex-11211 won on time"]

1. e4 c5 2. Nf3 e6 3. Nc3 Nf6 4. g3 d5 5. exd5 exd5 6. Bg2 Be7 7. O-O O-O 8. d4 Nc6 9. Be3 cxd4 10. Nxd4 Be6 11. h3 Qd7 12. Kh2 a6 13. Nce2 Ne5 14.
c3 Nc4 15. Bc1 Ne4 16. Nxe6 Qxe6 17. Nd4 Qg6 18. Qg4 Qxg4 19. hxg4 Bc5 20. b3 Ncd6 21. Bb2 Rfe8 22. Rad1 Rac8 23. Nf5 Nb5 24. Bxe4 dxe4 25.
c4 Nc7 26. Nxg7 1-0

[Event "*** Titled Tuesday Blitz"]
[Site "Chess.com"]
[Date "2021.02.09"]
[Round "4"]
[White "tomsishere"]
[Black "KaterinaMiroshnik"]
[Result "0-1"]
[WhiteElo "2449"]
[BlackElo "2613"]
[TimeControl "180+1"]
[EndTime "10:38:43 PST"]
[Termination "KaterinaMiroshnik won by checkmate"]

1. Nf3 d6 2. g3 Nd7 3. d4 Ngf6 4. Nc3 e5 5. e4 Be7 6. Bg2 O-O 7. O-O c6 8. h3 Qc7 9. a4 a6 10. Be3 b6 11. a5 b5 12. d5 c5 13. Nd2 Ne8 14. f4 exf4 15. gxf4 f5 16. e5 dxe5 17. d6 Bxd6 18. Bxa8 e4 19. Bd5+ Kh8 20. Kh2 Ndf6 21. Ba2 c4 22. Qe2 Be6 23. Rf2 g5 24. Raf1 Ng7 25.
Kh1 Ngh5 26. Rg1 gxf4 27. Bd4 Ng3+ 28. Rxg3 fxg3 29. Rf1 Be5 30. Qe3 f4 31. Bxe5 g2+ 32.
Kxg2 Qg7+ 33. Kh1 fxe3 34. Ndxe4 Bxh3 35. Rg1 Qh6 36. Nxf6 Rxf6 37. Rg3 Bf1+ 38. Kg1 e2 39. Ne4 e1=Q 40. Nxf6 Bg2+ 41. Kxg2 Qhh1# 0-1

[Event "*** Titled Tuesday Blitz"]
[Site "Chess.com"]
[Date "2021.02.09"]
[Round "4"]
[White "dopolian"]
[Black "KubaGepard"]
[Result "0-1"]
[WhiteElo "2410"]
[BlackElo "2362"]
[TimeControl "180+1"]
[EndTime "10:38:43 PST"]
[Termination "KubaGepard won by resignation"]

1. b3 e5 2. Bb2 Nc6 3. e3 a6 4. c4 Nf6 5. d3 d5 6. cxd5 Nxd5 7. Nf3 Bd6 8. Be2 f5 9. O-O Be6 10. Nbd2 Qf6 11. Nc4 g5 12. e4 Nf4 13. exf5 Bxf5 14. Re1 O-O-O 15. Bf1 Rhe8 16. d4 e4 17. d5 Qh6 18.
dxc6 exf3 19. cxb7+ Kb8 20. Nxd6 fxg2 21. Rxe8 gxf1=Q+ 22. Qxf1 Rxe8 23. Nxf5 Qe6 24. Ng3 h5 25. Bc3 Nh3+ 26.
Kh1 Qc6+ 27. f3 Qxc3 28. Rc1 Qd2 29. Rd1 Qxd1 0-1

[Event "*** Titled Tuesday Blitz"]
[Site "Chess.com"]
[Date "2021.02.09"]
[Round "4"]
[White "MillyNeuf"]
[Black "esteban062000"]
[Result "1-0"]
[WhiteElo "2312"]
[BlackElo "2133"]
[TimeControl "180+1"]
[EndTime "10:38:43 PST"]
[Termination "MillyNeuf won by resignation"]

1. e4 c5 2. Nc3 g6 3. g3 Bg7 4. Bg2 Nc6 5. d3 d6 6. Be3 a6 7. Qd2 Bd7 8. Nge2 b5 9. Nd1 b4 10. O-O e6 11. f4 Nge7 12. h3 O-O 13.
g4 f5 14. Ng3 a5 15. Rb1 Qc7 16. Nf2 Nd4 17. h4 Rac8 18. c3 Ndc6 19. h5 d5 20. e5 d4 21. hxg6 hxg6 22. gxf5 dxe3 23.
Qxe3 gxf5 24. Nh5 Ng6 25. Qg3 Be8 26. Nh3 Qe7 27. Ng5 Nd8 28. Kf2 Nf7 29. Nf3 Nh6 30.
Bh3 Rd8 31. Ke2 c4 32. d4 bxc3 33. bxc3 Qa3 34. Ng5 Qxa2+ 35. Ke3 Ng4+ 36. Bxg4 fxg4 37. Nxe6 Qa1 38. Rxa1 1-0

[Event "*** Titled Tuesday Blitz"]
[Site "Chess.com"]
[Date "2021.02.09"]
[Round "4"]
[White "frederiksvane"]
[Black "andriipalchuk"]
[Result "0-1"]
[WhiteElo "2737"]
[BlackElo "2579"]
[TimeControl "180+1"]
[EndTime "10:38:44 PST"]
[Termination "andriipalchuk won on time"]

1. e4 c6 2. d4 d5 3. exd5 cxd5 4. Bd3 Nc6 5. c3 Nf6 6. Bf4 e5 7.
dxe5 Bg4 8. Nf3 Nh5 9. Be3 Nxe5 10. Bb5+ Nc6 11. h3 Bd7 12. Qxd5 Nf6 13. Qg5 h6 14. Qg3 Qa5 15. a4 a6 16. Bxc6 Bxc6 17. Nbd2 Qd5 18. O-O g5 19. Rfe1 O-O-O 20. Qe5 Qxe5 21. Nxe5 Bd5 22. Ndc4 Be6 23. Bb6 Re8 24. Bd4 Rg8 25.
Nb6+ Kc7 26. a5 Nh5 27. g3 Bg7 0-1

[Event "*** Titled Tuesday Blitz"]
[Site "Chess.com"]
[Date "2021.02.09"]
[Round "4"]
[White "Pintacara"]
[Black "seorobert1971"]
[Result "0-1"]
[WhiteElo "2500"]
[BlackElo "2712"]
[TimeControl "180+1"]
[EndTime "10:38:44 PST"]
[Termination "seorobert1971 won on time"]

1. d4 c5 2. d5 e5 3. Nc3 d6 4. e4 g6 5. Be3 Bg7 6. Qd2 a6 7.
a4 b6 8. g3 Nf6 9. Bh3 Ng4 10.
Bxg4 Bxg4 11. Bh6 O-O 12. f3 Bc8 13. h4 f5 14. h5 Bxh6 15. Qxh6 Qf6 16. hxg6 Qxg6 17.
Qh4 fxe4 18. Nxe4 Bf5 19. O-O-O Bxe4 20. fxe4 Nd7 21. Nh3 h6 22. Rdf1 Nf6 23. Nf2 Kg7 24. Re1 b5 25. a5 c4 26. Nh3 Rf7 27. g4 Nxe4 28. g5 Nxg5 29. Rhg1 Rf5 0-1

[Event "*** Titled Tuesday Blitz"]
[Site "Chess.com"]
[Date "2021.02.09"]
[Round "4"]
[White "JasperBeukema"]
[Black "szachuspl"]
[Result "1-0"]
[WhiteElo "2336"]
[BlackElo "2520"]
[TimeControl "180+1"]
[EndTime "10:38:44 PST"]
[Termination "JasperBeukema won by resignation"]

1. d4 Nf6 2. c4 e6 3. Nf3 b6 4. g3 Bb7 5. Bg2 d6 6. O-O Nbd7 7. b4 a5 8. b5 g6 9. Nc3 Bg7 10. Qc2 O-O 11. Rd1 Qe7 12. e4 e5 13. Nd5 Bxd5 14.
cxd5 Rac8 15. Bb2 Rfe8 16. dxe5 Nxe5 17. Nxe5 dxe5 18. Rac1 Qd7 19. Qc6 Qd8 20. Bh3 Nxe4 21. Bxc8 Qxc8 22. d6 Qf5 23. Qxe8+ Bf8 24. Rc2 Nxd6 25.
Rxd6 Qxc2 26. Rd8 Qb1+ 27. Kg2 Qe4+ 28. Kf1 Qh1+ 29. Ke2 Qe4+ 30. Kd2 Qb4+ 31. Bc3 Qa3 32. Qxf8+ Qxf8 33. Rxf8+ Kxf8 34. Bxe5 c6 35. bxc6 Ke7 36.
c7 Kd7 37. Kc3 b5 38. Bf4 f6 39. h4 g5 40. hxg5 fxg5 41. Bxg5 h5 42. Bd2 Kxc7 43.
Kd4 Kb6 44. Kd5 b4 45. Be3+ Kb5 46. Bd2 a4 47. Bc1 h4 48. gxh4 a3 49. h5 Ka4 50.
Kc4 1-0

[Event "*** Titled Tuesday Blitz"]
[Site "Chess.com"]
[Date "2021.02.09"]
[Round "4"]
[White "SKLGgonkom"]
[Black "markowskitomasz"]
[Result "1-0"]
[WhiteElo "2351"]
[BlackElo "2596"]
[TimeControl "180+1"]
[EndTime "10:38:45 PST"]
[Termination "SKLGgonkom won by checkmate"]

1. Nf3 c5 2. c4 g6 3. e4 Bg7 4.
d4 d6 5. dxc5 dxc5 6. Qxd8+ Kxd8 7. Nc3 Nc6 8. Be3 b6 9. O-O-O+ Kc7 10. Ng5 Nh6 11. f4 Bg4 12. Rd2 f6 13. h3 fxg5 14.
hxg4 Nxg4 15. Nd5+ Kb7 16. fxg5 e6 17. Be2 exd5 18.
Bxg4 d4 19. Bf4 Be5 20. g3 Raf8 21. Rdh2 Bxf4+ 22. gxf4 Rxf4 23. Rxh7+ Rxh7 24. Rxh7+ Ka6 25. Bd7 Ne5 26. Bb5+ Ka5 27. Rxa7+ Kb4 28. Ra4# 1-0

[Event "*** Titled Tuesday Blitz"]
[Site "Chess.com"]
[Date "2021.02.09"]
[Round "4"]
[White "CrushingKings"]
[Black "googlegoom"]
[Result "1-0"]
[WhiteElo "2422"]
[BlackElo "2540"]
[TimeControl "180+1"]
[EndTime "10:38:46 PST"]
[Termination "CrushingKings won by resignation"]

1. e4 c5 2. d4 cxd4 3. c3 Nf6 4.
e5 Nd5 5. Nf3 Nc6 6. Bc4 Nb6 7.
Bb3 d5 8. exd6 Qxd6 9. O-O Be6 10. Na3 dxc3 11. Qe2 Bxb3 12. Nb5 Qb8 13. axb3 e5 14.
bxc3 f6 15. Nh4 g6 16. f4 Be7 17. f5 Kf7 18. fxg6+ hxg6 19. Qg4 Rg8 20. Nf3 f5 21. Ng5+ Bxg5 22. Bxg5 Ne7 23. Bxe7 Kxe7 24. Qg5+ Kf7 25.
Rad1 Qe8 26. Nd6+ 1-0

[Event "*** Titled Tuesday Blitz"]
[Site "Chess.com"]
[Date "2021.02.09"]
[Round "4"]
[White "Vamostodorecto"]
[Black "Grineva_Marianna"]
[Result "1-0"]
[WhiteElo "2415"]
[BlackElo "2201"]
[TimeControl "180+1"]
[EndTime "10:38:46 PST"]
[Termination "Vamostodorecto won by checkmate"]

1. d4 d5 2. c4 e6 3. Nc3 c6 4. e4 dxe4 5. Nxe4 Nf6 6. Nxf6+ gxf6 7. Nf3 Bd6 8. Bd3 Nd7 9. O-O Nf8 10. Re1 Ng6 11.
d5 O-O 12. h4 cxd5 13. cxd5 Nf4 14. Bxf4 Bxf4 15. Nd4 Be5 16. Qh5 Re8 17. Qxh7+ Kf8 18. Nf3 Qxd5 19. Rad1 Qa5 20. Rxe5 fxe5 21. Ng5 Qc7 22.
Bg6 b6 23. Bxf7 Ba6 24. Qh6+ Ke7 25. Qxe6+ Kf8 26. Qh6+ Ke7 27. Bxe8 Rxe8 28. Qg7# 1-0